 Dungeon Crawl Stone Soup version 0.29.1-1-gd02db6906a (webtiles) character file.

Game seed: 16966567962500013367

1644 Demigod47 the Basher (level 8, -5/70 HPs)
             Began as a Minotaur Fighter on Oct 17, 2022.
             Was an Initiate of Okawaru.
             Killed from afar by an electric eel (9 damage)
             ... with a bolt of electricity
             ... on level 6 of the Dungeon.
             The game lasted 00:10:01 (5573 turns).

Demigod47 the Basher (Minotaur Fighter)             Turns: 5573, Time: 00:10:01

Health: -5/70      AC: 17    Str: 24    XL:     8   Next: 67%
Magic:  7/7        EV: 12    Int:  5    God:    Okawaru [......]
Gold:   257        SH:  4    Dex:  9    Spells: 7/7 levels left

rFire   . . .      SeeInvis .   a - +0 flail
rCold   . . .      Faith    .   c - +0 buckler
rNeg    . . .      Spirit   .   t - +1 chain mail {rPois}
rPois   +          Reflect  .   (helmet restricted)
rElec   .          Harm     .   x - +2 cloak {rPois}
rCorr   .          Rampage  .   n - +2 pair of gloves
Will    +....                   (no boots)
Stlth   ..........              (no amulet)
HPRegen 0.21/turn               i - ring of willpower
MPRegen 0.10/turn               v - +4 ring of evasion

@: mighty, hasted, very quick
A: horns 2, retaliatory headbutt
a: Renounce Religion


You were on level 6 of the Dungeon.
You worshipped Okawaru.
Okawaru was noncommittal.
You visited 2 branches of the dungeon, and saw 7 of its levels.

You collected 257 gold pieces.

Inventory:

Hand Weapons
 a - a +0 flail (weapon)
Armour
 b - a +0 scale mail
 c - a +0 buckler (worn)
 n - a +2 pair of gloves (worn)
 t - a +1 chain mail of poison resistance (worn)
 x - a +2 cloak of poison resistance (worn)
Jewellery
 i - a ring of willpower (left hand)
 u - an amulet of magic regeneration
 v - a +4 ring of evasion (right hand)
Wands
 f - a wand of polymorph (12)
 w - a wand of quicksilver (3)
Scrolls
 e - 2 scrolls of noise
 g - 4 scrolls of teleportation
 h - a scroll of torment {unknown}
 k - 2 scrolls of immolation {unknown}
 m - a scroll of brand weapon {unknown}
 o - 2 scrolls of enchant weapon {unknown}
 p - a scroll of magic mapping {unknown}
 s - a scroll of vulnerability {unknown}
 y - 3 scrolls of identify
 z - a scroll of butterflies {unknown}
 A - a scroll of enchant armour {unknown}
Potions
 d - a potion of might
 j - a potion of haste
 l - 5 potions of curing
 q - a potion of brilliance
 r - a potion of cancellation {unknown}


   Skills:
 + Level 6.0 Fighting
 * Level 10.8 Maces & Flails
 + Level 5.9 Armour
 + Level 1.4 Dodging
 + Level 0.6 Stealth
 + Level 5.0 Shields


You had 7 spell levels left.
You didn't know any spells.
Your spell library contained the following spells:

 Spells                   Type           Power      Damage    Failure   Level
 Ensorcelled Hibernation  Hex/Ice        0%         N/A       100%        2
 Spider Form              Tmut/Pois      0%         N/A       100%        3
 Anguish                  Hex/Necr       0%         N/A       100%        4
 Cause Fear               Hex            0%         N/A       100%        4
 Dragon Form              Tmut           0%         N/A       100%        7
 Dragon's Call            Summ           Unusable   N/A       N/A         9

Dungeon Overview and Level Annotations

Branches:
Dungeon (6/15)             Temple (1/1) D:6

Altars:
Ashenzari
Cheibriados
Dithmenos
Elyvilon
Fedhas
Gozag
Kikubaaqudgha
Makhleb
Nemelex Xobeh
Okawaru
Qazlal
Ru
Sif Muna
Trog
Uskayaw
Vehumet
Wu Jian
Xom

Shops:
D:3 (((


Innate Abilities, Weirdness & Mutations

You have a pair of horns on your head.
You reflexively headbutt those who attack you in melee.


Message History

The bolt of electricity misses the sky beast.
The bolt of electricity misses you. The sky beast misses you.
You feel very mighty all of a sudden.
You barely miss the sky beast.
The sky beast is lightly wounded.
The sky beast misses you.
The sky beast flickers out of sight!
Deactivating autopickup; reactivate with Ctrl-A.
Something hits you but does no damage.
You sock something!
The electric eel shoots out a bolt of lightning at you!
The bolt of electricity hits the sky beast.
The sky beast completely resists.
The bolt of electricity hits you.
* * * LOW HITPOINT WARNING * * *
The white imp sputters.
Something completely misses you. The sky beast barely misses you.
You enter the shallow water.
Moving in this stuff is going to be slow.
Something hits you but does no damage.
You enter the shallow water.
Moving in this stuff is going to be slow.
The sky beast flickers out of sight!
The electric eel shoots out a bolt of lightning at you!
The bolt of electricity hits something.
The bolt of electricity hits you.
* * * LOW HITPOINT WARNING * * *
Something hits you but does no damage. Something hits you.
* * * LOW HITPOINT WARNING * * *
Something shocks you.
* * * LOW HITPOINT WARNING * * *
A sky beast appears from thin air!
Reactivating autopickup.
The sky beast closely misses you.
You enter the shallow water.
Moving in this stuff is going to be slow.
The shadow imp shouts, "Scamper away, thou errant tickle-brained gnoll-tail!"
The sky beast closely misses you.
The electric eel shoots out a bolt of lightning at you!
The bolt of electricity hits the shadow imp!
The bolt of electricity hits the sky beast.
The sky beast completely resists.
The bolt of electricity hits you!
You die...

.# #....#######....#
.# ###..# ####.# .#
#..# #.# ## #..# #.#
# #..# ##'## # #..#
##~.~## ## #..#
##~~.~~## .#####..#
##~~.8.~~# ........#
##~~@###.~~#
.......##
##~~Y##8##.~~#
.......# ##~55##~.~
#.~~# .......#
##S~.##~... #.~~
.......###~~.##~$.$.
#.~
........##~..)55....
..
.........#~~.##~./.$
......#..##~~.# ~...
......###.##~~.# ~.~


You could see a sky beast, an electric eel, a white imp and a shadow imp.

Vanquished Creatures
  A water moccasin (D:6)
  A sky beast (D:6)
  An ice beast (D:5)
  A black bear (D:6)
  2 ogres
  2 phantoms
  A necrophage (D:5)
  2 scorpions
  2 hounds (D:4)
  3 orc priests
  Crazy Yiuf (D:3)
  Natasha (twice) (D:2)
  4 iguanas
  6 orc wizards
  7 gnolls
  9 adders
  A worm (D:2)
  5 dart slugs
  24 orcs
  7 endoplasms
  3 giant cockroaches
  8 goblins
  2 hobgoblins (D:1)
  6 jackals
  8 kobolds
  6 quokkas
  10 ball pythons
  8 bats
  3 frilled lizards
  4 rats
140 creatures vanquished.

Notes
Turn   | Place    | Note
-------+----------+-------------------------------------------
     0 | D:1      | Demigod47 the Minotaur Fighter began the quest for the Orb.
     0 | D:1      | Reached XP level 1. HP: 19/19 MP: 0/0
   171 | D:1      | Reached XP level 2. HP: 20/27 MP: 1/1
   534 | D:1      | Reached skill level 3 in Maces & Flails
   818 | D:1      | Reached XP level 3. HP: 29/33 MP: 2/2
  1669 | D:2      | Noticed Natasha
  1674 | D:2      | Killed Natasha
  1675 | D:2      | Reached skill level 4 in Maces & Flails
  1675 | D:2      | Reached XP level 4. HP: 40/40 MP: 3/3
  1795 | D:2      | Noticed Natasha
  1804 | D:2      | Killed Natasha
  1925 | D:2      | Found a faded altar of an unknown god.
  2013 | D:3      | Found Mesegek's Antique Weapon Boutique.
  2018 | D:3      | Found Zaakone's Weapon Boutique.
  2056 | D:3      | Noticed an ogre
  2066 | D:3      | Killed an ogre
  2067 | D:3      | Reached skill level 5 in Maces & Flails
  2067 | D:3      | Reached XP level 5. HP: 31/47 MP: 4/4
  2203 | D:3      | Found Egezecur's Weapon Shoppe.
  2683 | D:3      | Found a runed translucent door.
  2684 | D:3      | Noticed Crazy Yiuf
  2963 | D:3      | Killed Crazy Yiuf
  3333 | D:4      | Reached XP level 6. HP: 53/53 MP: 5/5
  3357 | D:4      | Reached skill level 6 in Maces & Flails
  3378 | D:4      | Reached skill level 5 in Fighting
  3428 | D:4      | Reached skill level 5 in Armour
  3541 | D:4      | Reached skill level 1 in Dodging
  3706 | D:4      | Reached XP level 7. HP: 57/61 MP: 6/6
  3822 | D:4      | Reached skill level 7 in Maces & Flails
  4087 | D:5      | Entered Level 5 of the Dungeon
  4478 | D:5      | Reached skill level 8 in Maces & Flails
  4828 | D:6      | Reached skill level 9 in Maces & Flails
  4828 | D:6      | Reached XP level 8. HP: 62/69 MP: 7/7
  4910 | D:6      | Found a staircase to the Ecumenical Temple.
  4935 | D:6      | Found a stormy altar of Qazlal.
  5137 | Temple   | Entered the Ecumenical Temple
  5242 | Temple   | Became a worshipper of Warmaster Okawaru
  5298 | D:6      | Found a broken altar of Ashenzari.
  5305 | D:6      | Reached skill level 10 in Maces & Flails
  5558 | D:6      | Reached skill level 5 in Shields
  5570 | D:6      | HP: 3/70 [something (5)]
  5573 | D:6      | Killed from afar by an electric eel

Illustrated notes

Levels and vault maps discovered:
D:1:      dpeg_chamrin_arrival_tetris, layout_basic, minmay_misc_feat_cross,
          minmay_unequal
D:2:      layout_loops_ring, dilly_ecumenical_altar_fadedgnrine, uniq_natasha
D:3:      layout_basic, serial_shops, shop, shop, nicolae_shop_statue_plus,
          hangedman_decor_growths, uniq_crazy_yiuf_cottage
D:4:      layout_loops_ring
D:5:      layout_loops_ring
D:6:      layout_layer_cave, minmay_temple_entry_stoned_glass,
          kennysheep_diamond, hangedman_feature_mirror
Temple:   nicolae_temple_bog_church

Skill      XL: |  1  2  3  4  5  6  7  8 |
---------------+-------------------------+-----
Maces & Flails | 3 4 5 6 9 10 | 10.8
Shields        | 4 5 |  5.0
Fighting       | 4 5 6 |  6.0
Armour         | 4 5 |  5.9
Dodging        | 1 |  1.4
Stealth        | |  0.6

Action                   |  1- 3 |  4- 6 |  7- 9 || total
-------------------------+-------+-------+-------++-------
Melee: Flail             |    84 |   112 |   161 ||   357
       Headbutt          |    11 |    15 |    25 ||    51
  Use: Potion            |       |     6 |     4 ||    10
       Scroll            |       |     2 |       ||     2
Armor: Scale mail        |    56 |     9 |       ||    65
       Chain mail        |       |    63 |    67 ||   130
Dodge: Dodged            |    56 |    67 |    73 ||   196
Block: Buckler           |    20 |    24 |    35 ||    79
